 Dungeon Crawl Stone Soup version 0.25.0-9-g26727b657a (webtiles) character file.

Game seed: 17134370034640116651

1673 destino the Ruffian (level 9, -2/74 HPs)
             Began as a Ghoul Summoner on June 17, 2020.
             Was a Believer of Cheibriados.
             Shot with an arrow by a centaur (11 damage)
             ... on level 6 of the Dungeon.
             The game lasted 00:21:14 (8312 turns).

destino the Ruffian (Ghoul Summoner)                Turns: 8312, Time: 00:21:15

Health: -2/74      AC:  5    Str: 19    XL:     9   Next: 1%
Magic:  4/10       EV:  9    Int: 14    God:    Cheibriados [**....]
Gold:   305        SH: 10    Dex: 13    Spells: 10/11 levels left

rFire    . . .     SeeInvis .     - Unarmed
rCold    + . .     Gourm    .   a - +0 kite shield
rNeg     + + +     Faith    .   z - +0 ring mail
rPois    ∞         Spirit   .   (no helmet)
rElec    .         Reflect  .   (no cloak)
rCorr    .         Harm     .   (no gloves)
MR       +....                  (no boots)
Stlth    +.........             (no amulet)
HPRegen  0.00/turn              q - ring of wizardry
MPRegen  0.12/turn              w - ring of protection from magic

@: rotting, very slow
A: rotting body, claws 1, carnivore, cold resistance 1, negative energy
resistance 3, inhibited regeneration, torment resistance, unbreathing
a: Bend Time, Renounce Religion


You were on level 6 of the Dungeon.
You worshipped Cheibriados.
Cheibriados was pleased with you.
You were not hungry.

You visited 2 branches of the dungeon, and saw 7 of its levels.

You collected 305 gold pieces.

Inventory:

Hand Weapons
 k - a +0 giant club
 o - a +1 dagger of draining
Missiles
 f - 17 poisoned darts (quivered)
Armour
 a - a +0 kite shield (worn)
 i - a +0 scale mail of cold resistance
 z - a +0 ring mail (worn)
Jewellery
 q - a ring of wizardry (left claw)
 w - a ring of protection from magic (right claw)
Wands
 u - a wand of flame (39)
Scrolls
 g - a scroll of immolation {unknown}
 l - a scroll of random uselessness {unknown}
 m - a scroll of remove curse {unknown}
 n - a scroll of noise {unknown}
 p - a scroll of blinking {unknown}
 r - 3 scrolls of amnesia {unknown}
 s - a scroll of teleportation
 t - a scroll of enchant weapon {unknown}
 y - a scroll of fear {unknown}
 C - a scroll of fog {unknown}
Potions
 b - 2 potions of flight
 d - a potion of curing
 e - 2 potions of degeneration
 h - 2 potions of brilliance
 j - a potion of resistance {unknown}
 x - 2 potions of might {unknown}
 A - a potion of cancellation {unknown}
 B - a potion of stabbing {unknown}
Comestibles
 c - 6 rations


   Skills:
 + Level 5.6 Fighting
 + Level 2.8 Armour
 - Level 1.7 Dodging
 - Level 2.1 Stealth
 - Level 5.0 Shields
 * Level 7.7 Unarmed Combat
 - Level 1.7 Spellcasting
 - Level 3.6 Summonings


You had 10 spell levels left.
You knew the following spells:

 Your Spells              Type           Power        Failure   Level  Hunger
a - Summon Small Mammal   Summ           ##..         14%         1    ##.....

Your spell library contained the following spells:

 Spells                   Type           Power        Failure   Level  Hunger
 Call Imp                 Summ           ##......     21%         2    ###....
 Call Canine Familiar     Summ           ##......     38%         3    ####...
 Summon Guardian Golem    Hex/Summ       #.......     61%         3    ####...
 Summon Ice Beast         Ice/Summ       #.......     94%         4    #####..
 Summon Lightning Spire   Summ/Air       #.......     94%         4    #####..


Dungeon Overview and Level Annotations

Branches:
Dungeon (6/15)             Temple (1/1) D:5

Altars:
Ashenzari
Cheibriados
Dithmenos
Fedhas
Hepliaklqana
Kikubaaqudgha
Makhleb
Nemelex Xobeh
Qazlal
Ru
Sif Muna
Trog
Uskayaw
Wu Jian
Xom
Zin
The Shining One

Annotations:
D:2 Sigmund


Innate Abilities, Weirdness & Mutations

Your body is rotting away.
You thrive on raw meat.
You are immune to poison.
You have sharp fingernails.
You are carnivorous and can eat meat at any time.
Your flesh is cold resistant. (rC+)
You are immune to negative energy. (rN+++)
You do not regenerate when monsters are visible.
You are immune to unholy pain and torment.
You can survive without breathing.


Message History

The ogre barely misses you.
You claw the ogre!
The ogre is moderately wounded.
The centaur shoots an arrow.
The arrow misses you.
You scratch the ogre.
The ogre is heavily wounded.
The centaur shoots an arrow.
The arrow hits you! The ogre closely misses you.
The centaur shoots an arrow.
You block the arrow.
You scratch the ogre.
The ogre is heavily wounded.
The ogre hits you with a cursed +0 giant club!!
* * * LOW HITPOINT WARNING * * *
The centaur shoots an arrow.
The arrow hits you!
* * * LOW HITPOINT WARNING * * *
You feel better.
The centaur shoots an arrow.
The arrow hits you.
* * * LOW HITPOINT WARNING * * *
The ogre hits you with a cursed +0 giant club!
* * * LOW HITPOINT WARNING * * *
You feel better.
The centaur shoots an arrow.
The arrow hits you!
You die...

#.. ##.c ##...
#... ..c #.#
##.## ##(.O#
####
##..@#.S...
...#### ##..(##
..# .<....##
###..### #
.).....###...##
.......##..###
..........## .
.........## .#
........## #.
.........# #.
###


You could see an ogre and a centaur.

Vanquished Creatures
  Eustachio (D:5)
  An orc warrior (D:5)
  A sky beast (D:6)
  2 ice beasts (D:6)
  2 ogres (D:6)
  2 scorpions (D:5)
  3 wights (D:6)
  2 howler monkeys (D:4)
  2 crimson imps
  A jelly (D:5)
  2 hounds
  A bullfrog skeleton (D:6)
  A centaur skeleton (D:5)
  2 orc wizards (D:4)
  2 orc priests
  An iguana (D:4)
  2 worker ants (D:5)
  A hound zombie (D:6)
  A hound skeleton (D:4)
  3 gnolls (D:6)
  9 adders
  2 shadow imps (D:5)
  An ooze (D:4)
  An adder zombie (D:5)
  3 worms
  An adder skeleton (D:5)
  5 dart slugs
  3 leopard geckos
  12 orcs
  A ball python (D:1)
  7 bats
  2 giant cockroaches (D:3)
  9 hobgoblins
  8 jackals
  2 quokkas (D:3)
  2 frilled lizards
  9 goblins
  7 kobolds
  A leopard gecko zombie (D:5)
  9 rats
127 creatures vanquished.

Vanquished Creatures (others)
  A hound skeleton (D:5)
  A giant cockroach (D:5)
2 creatures vanquished.

Grand Total: 129 creatures vanquished

Notes
Turn   | Place    | Note
-------+----------+-------------------------------------------
     0 | D:1      | destino the Ghoul Summoner began the quest for the Orb.
     0 | D:1      | Reached XP level 1. HP: 14/14 MP: 2/2
   253 | D:1      | Reached skill level 1 in Unarmed Combat
   339 | D:1      | Reached XP level 2. HP: 19/20 MP: 3/3
   346 | D:1      | Reached skill level 2 in Unarmed Combat
   773 | D:1      | Reached skill level 3 in Unarmed Combat
   773 | D:1      | Reached XP level 3. HP: 26/26 MP: 4/4
  1216 | D:2      | Noticed Sigmund
  1529 | D:3      | Reached XP level 4. HP: 29/33 MP: 5/5
  1729 | D:3      | Reached skill level 4 in Unarmed Combat
  2321 | D:3      | Reached skill level 1 in Shields
  2409 | D:3      | Reached XP level 5. HP: 38/38 MP: 6/6
  3058 | D:4      | Reached skill level 5 in Unarmed Combat
  3576 | D:4      | Reached XP level 6. HP: 31/45 MP: 7/7
  4119 | D:4      | Reached skill level 6 in Unarmed Combat
  4557 | D:4      | Found a hazy altar of Hepliaklqana.
  4558 | D:4      | Found a shimmering altar of Xom.
  4559 | D:4      | Noticed a spectral ugly thing
  4559 | D:4      | Noticed a death ooze
  4840 | D:5      | Entered Level 5 of the Dungeon
  4932 | D:5      | Reached XP level 7. HP: 49/50 MP: 8/8
  4968 | D:5      | Found a staircase to the Ecumenical Temple.
  4977 | Temple   | Entered the Ecumenical Temple
  5115 | Temple   | Became a worshipper of Cheibriados the Contemplative
  5430 | D:5      | Reached skill level 7 in Unarmed Combat
  5733 | D:5      | Reached skill level 1 in Fighting
  6000 | D:5      | Reached * piety under Cheibriados
  6015 | D:5      | Noticed Eustachio
  6063 | D:5      | Killed Eustachio
  6119 | D:5      | Reached XP level 8. HP: 49/62 MP: 9/9
  7023 | D:6      | Reached skill level 5 in Shields
  7203 | D:6      | Reached skill level 1 in Armour
  7547 | D:6      | Reached skill level 5 in Fighting
  7954 | D:6      | Reached ** piety under Cheibriados
  7954 | D:6      | Reached XP level 9. HP: 23/74 MP: 10/10
  8310 | D:6      | HP: 3/74 [centaur/arrow (11)]
  8312 | D:6      | Shot with an arrow by a centaur

Illustrated notes

Levels and vault maps discovered:
D:1:      dpeg_arrival_castle, layout_rooms
D:2:      layout_basic, first_ration, uniq_sigmund
D:3:      layout_loops_corners, minmay_box_of_dots
D:4:      layout_loops_corners, regret_index_temple_of_mockery,
          kennysheep_generic_room_14
D:5:      old_forge, layout_loops_cross, minmay_temple_entry_glass,
          lemuel_flame_loot_1, uniq_eustachio
D:6:      layout_cave_pods
Temple:   regret_index_temple_generic_petals

Skill      XL: |  1  2  3  4  5  6  7  8 |
---------------+-------------------------+-----
Unarmed Combat | 1 3 4 5 6 7 |  7.7
Shields        | 1 2 4 5 |  5.0
Fighting       | 2 5 |  5.6
Armour         | 2 |  2.8
Dodging        | |  1.7
Stealth        | |  2.1
Spellcasting   | |  1.7
Summonings     | |  3.6

Action                   |  1- 3 |  4- 6 |  7- 9 || total
-------------------------+-------+-------+-------++-------
Melee: Unarmed           |   144 |   250 |   283 ||   677
Throw: Dart              |       |     3 |     6 ||     9
 Cast: Summon Small Mamm |     1 |       |       ||     1
Invok: Bend Time         |       |       |     2 ||     2
Evoke: Wand              |       |     5 |       ||     5
  Use: Scroll            |     4 |       |     2 ||     6
       Potion            |       |       |     4 ||     4
  Eat: Chunk             |     3 |    11 |    13 ||    27
Armor: Plate armour      |    47 |       |       ||    47
       Scale mail        |    38 |    79 |    55 ||   172
       Ring mail         |       |       |    22 ||    22
Dodge: Dodged            |    39 |    61 |    69 ||   169
Block: Kite shield       |     7 |    64 |   108 ||   179
